 Dungeon Crawl Stone Soup version 0.18-a0-1202-g796ae12 (webtiles) character file.

35550 Arkorax the Warrior (level 14, -2/124 HPs)
             Began as a Formicid Fighter on Jan 31, 2016.
             Was the Champion of Makhleb.
             Killed from afar by an ice statue (32 damage)
             ... with a shard of ice
             ... in an ice cave.
             The game lasted 00:19:29 (13432 turns).

Arkorax the Warrior (Formicid Fighter)             Turns: 13432, Time: 00:19:30

Health: -2/124     AC: 16    Str: 24    XL:     14   Next: 19%
Magic:  0/20       EV:  9    Int:  9    God:    Makhleb [******]
Gold:   498        SH: 12    Dex: 13    Spells: 0 memorised, 13 levels left

rFire  + + .     SeeInvis +     X - +7 battleaxe (flame)
rCold  x . .     Gourm    .     M - +3 fire dragon armour
rNeg   + . .     Faith    .     W - +0 shield of the Komtur {rN+ Str+2 Slay+3 Stlth+}
rPois  +         Spirit   +     (helmet unavailable)
rElec  .         Dismiss  .     b - +2 cloak
rCorr  +         Reflect  .     (no gloves)
SustAt .         Harm     .     Z - +0 pair of boots
MR     +....                    p - amulet of guardian spirit
Stlth  +.........               o - ring of poison resistance
                                j - ring of resist corrosion

@: somewhat resistant to hostile enchantments, very unstealthy
A: permanent stasis, dig shafts and tunnels, four strong arms, antennae 3
a: Dig, Shaft Self, Minor Destruction, Lesser Servant of Makhleb, Major
Destruction, Greater Servant of Makhleb, Renounce Religion


You were in an ice cave.
You worshipped Makhleb.
Makhleb was exalted by your worship.
You were not hungry.

You visited 3 branches of the dungeon, and saw 19 of its levels.
You also visited: Ice Cave.

You collected 1270 gold pieces.
You spent 772 gold pieces at shops.

Inventory:

Hand Weapons
 X - a +7 battleaxe of flaming (weapon)
Armour
 b - a +2 cloak (worn)
 M - a +3 fire dragon armour (worn)
 W - the +0 shield of the Komtur (worn) {rN+ Str+2 Slay+3 Stlth+}
   (You bought it in a shop on level 9 of the Dungeon)

   It affects your strength (+2).
   It affects your accuracy and damage with ranged weapons and melee attacks
   (+3).
   It protects you from negative energy.
   It makes you more stealthy.
 Z - a +0 pair of boots (worn)
Jewellery
 j - a ring of resist corrosion (left hand)
 o - a ring of poison resistance (right hand)
 p - an amulet of guardian spirit (around neck)
 U - an uncursed ring of sustain attributes {unknown}
Wands
 x - a wand of draining (6/15)
 B - a wand of random effects (23/48)
 L - a wand of paralysis (10/24)
 Y - a wand of paralysis (12/24)
Scrolls
 a - 3 scrolls of enchant weapon
 l - 10 scrolls of remove curse
 m - 16 scrolls of identify
 n - 2 scrolls of fear
 q - a scroll of recharging
 t - a scroll of blinking
 u - 2 scrolls of fog
 w - a scroll of vulnerability {unknown}
 O - 4 scrolls of enchant armour
 S - 2 scrolls of magic mapping
Potions
 c - a potion of mutation {unknown}
 d - 3 potions of might
 e - 3 potions of invisibility {unknown}
 h - a potion of magic {unknown}
 i - 2 potions of flight {unknown}
 r - 3 potions of lignification {unknown}
 s - 5 potions of curing {unknown}
 A - 6 potions of haste {unknown}
 C - 2 potions of ambrosia {unknown}
 E - a potion of berserk rage {unknown}
 F - a potion of poison {unknown}
 G - a potion of resistance {unknown}
 Q - 3 potions of heal wounds {unknown}
 R - 3 potions of agility {unknown}
 V - a potion of brilliance {unknown}
Books
 H - a book of Ice

   Spells                             Type                      Level
   a - Ice Form                       Ice/Transmutation            4
   b - Metabolic Englaciation         Hexes/Ice                    5
   c - Ozocubu's Refrigeration        Ice                          6
   d - Bolt of Cold                   Conjuration/Ice              6
   e - Freezing Cloud                 Conjuration/Ice/Air          6
   f - Simulacrum                     Ice/Necromancy               6
 K - a Young Poisoner's Handbook

   Spells                             Type                      Level
   a - Sting                          Conjuration/Poison           1
   b - Cure Poison                    Poison                       2
   c - Mephitic Cloud                 Conjuration/Poison/Air       3
   d - Olgreb's Toxic Radiance        Poison                       4
   e - Venom Bolt                     Conjuration/Poison           5
 P - a book of Alchemy

   Spells                             Type                      Level
   a - Sublimation of Blood           Necromancy                   2
   b - Ignite Poison                  Fire/Transmutation/Poison    3
   c - Condensation Shield            Ice                          4
   d - Petrify                        Transmutation/Earth          4
   e - Alistair's Intoxication        Transmutation/Poison         5
   f - Irradiate                      Conjuration/Transmutation    5
Comestibles
 f - 5 bread rations
 g - 5 meat rations
 z - 10 beef jerkies
 J - a slice of pizza
 T - 26 fruits


   Skills:
 * Level 15.7 Fighting
 * Level 14.5 Axes
 - Level 3.2 Armour
 - Level 10.3 Shields
 + Level 8.0 Invocations


You had 13 spell levels left.
You didn't know any spells.

Dungeon Overview and Level Annotations

Branches:
Dungeon (11/15)            Temple (1/1) D:5            Lair (7/8) D:10
 Shoals (0/4) Lair:5        Snake (0/4) Lair:3        Slime (0/6) Lair:6
    Orc (0/2) D:10

Altars:
Ashenzari
Cheibriados
Dithmenos
Elyvilon
Fedhas
Gozag
Kikubaaqudgha
Makhleb
Nemelex Xobeh
Okawaru
Pakellas
Qazlal
Ru
Sif Muna
Trog
Vehumet
Xom
Yredelemnul
Zin
The Shining One
Jiyva

Shops:
D:5 (   D:9 ?[:

Annotations:
IceCv exclusion: 2 ice statues


Innate Abilities, Weirdness & Mutations

You are under a permanent stasis effect.
You can dig through walls and to a lower floor.
Your four strong arms can wield two-handed weapons with a shield.
You have a pair of large antennae on your head (SInv).


Message History

You hit the ice beast.
You melt the ice beast.
The ice beast is heavily wounded.
You are engulfed in freezing vapours.
The ice beast hits you but does no damage.
Unknown command.
You barely miss the ice beast.
The ice beast is heavily wounded.
You are engulfed in freezing vapours.
The ice statue glitters chillingly in the dim dungeon light.
The ice statue throws ice at you. The shard of ice hits you!
You feel a painful chill! The ice beast hits you. The ice beast freezes you!
You feel a terrible chill!
* * * LOW HITPOINT WARNING * * *
You are too injured to fight recklessly!
You are too injured to fight recklessly!
Unknown command.
You are too injured to fight recklessly!
The ice statue throws ice at you. The shard of ice hits you!
You feel a painful chill!
You die...

#######
##.....##
##...∩...##
##.........##
#.....@.....#
#.....§§§...#
#.....§Y§...#
#......Y§§....#
#....8...8....#
#......[......#
##....).)....##
#...8.:.8...#
##.........##


You could see 2 ice statues and 2 ice beasts.

Vanquished Creatures
  Maud (Lair:5)
  4 hydras
  Erica (Lair:1)
  An unseen horror (D:11)
  Pikel (D:4)
  5 hill giants
  A cyclops (D:11)
  2 griffons
  A manticore (Lair:5)
  13 black mambas
  Maurice (D:8)
  2 gargoyles (D:10)
  6 spiny frogs
  7 komodo dragons
  A fire drake (Lair:7)
  7 blink frogs
  2 trolls
  2 two-headed ogres
  2 shadows (D:10)
  17 yaks
  10 wyverns
  A basilisk (Lair:7)
  Eustachio (D:6)
  7 hippogriffs
  A hungry ghost (D:7)
  2 steam dragons
  A vampire mosquito (D:10)
  Menkaure (D:7)
  A mottled dragon (D:11)
  8 ice beasts
  3 porcupines
  15 water moccasins
  3 sky beasts
  2 slaves
  A black bear (D:9)
  3 phantoms
  7 orc warriors
  6 ogres
  A centaur (D:10)
  2 big kobolds
  12 crocodiles
  13 giant frogs
  2 scorpions
  A killer bee (D:10)
  2 electric eels (Lair:4)
  2 crimson imps
  2 centaur zombies (D:10)
  2 jellies
  2 hounds
  11 orc wizards
  3 giant frog zombies
  9 orc priests
  3 centaur skeletons
  6 iguanas
  5 worker ants
  17 sheep
  A hound zombie (D:11)
  A worker ant zombie (D:10)
  11 adders
  11 gnolls
  32 river rats
  An ooze (D:2)
  An adder zombie (D:10)
  An adder skeleton (D:9)
  3 worms
  4 giant geckos
  45 orcs
  6 giant cockroaches
  12 goblins
  12 hobgoblins
  20 kobolds
  A quokka (D:10)
  3 ball pythons (Lair:3)
  21 bats
  6 giant newts
  21 rats
  5 fungi
  4 plants
467 creatures vanquished.

Vanquished Creatures (others)
  An ogre (D:5)
  A crimson imp (D:8)
  An orc (D:5)
  2 fungi (Lair:3)
  A plant (Lair:3)
6 creatures vanquished.

Grand Total: 473 creatures vanquished

Notes
Turn   | Place    | Note
--------------------------------------------------------------
     0 | D:1      | Arkorax the Formicid Fighter began the quest for the Orb.
     0 | D:1      | Reached XP level 1. HP: 18/18 MP: 1/1
    57 | D:1      | Reached XP level 2. HP: 24/24 MP: 2/2
   145 | D:1      | Found a shattered altar of Ashenzari.
   323 | D:1      | Reached XP level 3. HP: 19/30 MP: 3/3
   413 | D:1      | Reached skill level 4 in Shields
   934 | D:2      | Found a sacrificial altar of Ru.
   957 | D:2      | Found a faded altar to an unknown god.
  1078 | D:2      | Reached XP level 4. HP: 37/37 MP: 4/4
  1581 | D:3      | Found a sparkling altar of Nemelex Xobeh.
  1733 | D:3      | Noticed an angel
  1734 | D:3      | Found a glowing silver altar of Zin.
  1735 | D:3      | Found a shimmering altar of Xom.
  1743 | D:3      | Reached XP level 5. HP: 42/42 MP: 5/5
  1907 | D:3      | Found a sacrificial altar of Ru.
  2272 | D:4      | Reached skill level 5 in Shields
  2272 | D:4      | Reached XP level 6. HP: 49/49 MP: 6/6
  2603 | D:5      | Entered Level 5 of the Dungeon
  2603 | D:5      | Noticed a slave
  2603 | D:5      | Noticed a slave
  2603 | D:5      | Noticed a slave
  2603 | D:5      | Noticed a slave
  2605 | D:5      | Noticed Pikel
  2762 | D:5      | Found Mainer's Antique Weapon Boutique.
  2782 | D:5      | Killed a slave
  2802 | D:4      | Killed a slave
  2806 | D:4      | Reached skill level 5 in Fighting
  2939 | D:5      | Noticed a sky beast
  2962 | D:5      | Killed a sky beast
  2962 | D:5      | Reached XP level 7. HP: 56/56 MP: 7/7
  3027 | D:5      | Reached skill level 5 in Axes
  3170 | D:4      | Killed Pikel
  3170 | D:4      | Reached skill level 6 in Fighting
  3170 | D:4      | Reached XP level 8. HP: 26/65 MP: 4/8
  3380 | D:5      | Found an oddly glowing altar of Pakellas.
  3538 | D:5      | Reached skill level 7 in Fighting
  3546 | D:5      | Bought a steaming war axe for 204 gold pieces
  3546 | D:5      | Identified the +8 war axe of the Depths {speed, rC++ MP+9} (You bought it in a shop on level 5 of the Dungeon)
  4097 | D:5      | Found a staircase to the Ecumenical Temple.
  4108 | Temple   | Entered the Ecumenical Temple
  4300 | Temple   | Became a worshipper of Makhleb the Destroyer
  4467 | D:6      | Noticed Eustachio
  4480 | D:6      | Killed Eustachio
  4480 | D:6      | Reached XP level 9. HP: 72/74 MP: 9/9
  4876 | D:6      | Reached skill level 8 in Fighting
  5065 | D:7      | Found a stormy altar of Qazlal.
  5198 | D:7      | Noticed Menkaure
  5206 | D:7      | Killed Menkaure
  5213 | D:7      | Reached * piety under Makhleb
  5459 | D:7      | Reached skill level 9 in Fighting
  5933 | D:8      | Reached ** piety under Makhleb
  5938 | D:8      | Noticed Maurice
  5945 | D:8      | Killed Maurice
  5945 | D:8      | Reached XP level 10. HP: 77/83 MP: 10/10
  5967 | D:8      | Found a white marble altar of Elyvilon.
  6091 | D:8      | Found a radiant altar of Vehumet.
  6765 | D:9      | Found Jymodghye's Book Shoppe.
  6765 | D:9      | Found a shadowy altar of Dithmenos.
  6809 | D:9      | Found Xunoush's Armour Boutique.
  6889 | D:9      | Reached skill level 10 in Fighting
  6967 | D:9      | Noticed a hill giant
  6978 | D:9      | Killed a hill giant
  6989 | D:9      | Reached *** piety under Makhleb
  6995 | D:9      | Found Eme Isku's Magic Scroll Emporium.
  7008 | D:9      | Bought a scroll of enchant armour for 127 gold pieces
  7139 | D:9      | Reached skill level 10 in Axes
  7235 | D:10     | Entered Level 10 of the Dungeon
  7284 | D:10     | Found a staircase to the Orcish Mines.
  7307 | D:10     | Noticed a hill giant
  7317 | D:10     | Killed a hill giant
  7317 | D:10     | Reached skill level 11 in Fighting
  7317 | D:10     | Reached XP level 11. HP: 34/93 MP: 7/11
  7421 | D:10     | Noticed a hill giant
  7472 | D:10     | Killed a hill giant
  7484 | D:10     | Reached **** piety under Makhleb
  7555 | D:10     | Noticed a hill giant
  7579 | D:9      | Killed a hill giant
  7726 | D:10     | Reached skill level 12 in Fighting
  7737 | D:10     | Reached skill level 10 in Shields
  7883 | D:10     | Found a staircase to the Lair.
  8007 | D:11     | Noticed a cyclops
  8018 | D:11     | Reached ***** piety under Makhleb
  8026 | D:11     | Killed a cyclops
  8078 | D:11     | Noticed an unseen horror
  8098 | D:11     | Killed an unseen horror
  8262 | D:11     | Noticed a hill giant
  8270 | D:11     | Killed a hill giant
  8270 | D:11     | Reached skill level 1 in Invocations
  8270 | D:11     | Reached XP level 12. HP: 89/103 MP: 12/12
  9005 | D:9      | Bought the cursed +0 shield of the Komtur {rN+ Str+2 Slay+3 Stlth+} for 387 gold pieces
  9005 | D:9      | Bought a +0 pair of boots for 54 gold pieces
  9055 | Lair:1   | Entered Level 1 of the Lair of Beasts
  9191 | Lair:1   | Noticed Erica
  9200 | Lair:1   | Killed Erica
  9200 | Lair:1   | Reached skill level 13 in Fighting
 10397 | Lair:2   | Reached skill level 5 in Invocations
 10545 | Lair:3   | Reached ****** piety under Makhleb
 10547 | Lair:3   | Found a staircase to the Snake Pit.
 10560 | Lair:3   | Reached skill level 14 in Fighting
 10560 | Lair:3   | Reached XP level 13. HP: 77/113 MP: 8/16
 10972 | Lair:3   | Noticed a five-headed hydra
 10979 | Lair:3   | Killed a two-headed hydra
 12073 | Lair:5   | Noticed a six-headed hydra
 12079 | Lair:5   | Killed a two-headed hydra
 12083 | Lair:5   | Reached skill level 15 in Fighting
 12246 | Lair:5   | Noticed Maud
 12259 | Lair:5   | Killed Maud
 12277 | Lair:5   | Found a staircase to the Shoals.
 12662 | Lair:6   | Found a staircase to the Slime Pits.
 12663 | Lair:6   | Found a viscous altar of Jiyva.
 12684 | Lair:6   | Noticed a seven-headed hydra
 12689 | Lair:6   | Killed a four-headed hydra
 12689 | Lair:6   | Reached XP level 14. HP: 123/123 MP: 16/19
 13399 | Lair:7   | Found a frozen archway.
 13408 | IceCv    | Entered an ice cave
 13432 | IceCv    | Killed from afar by an ice statue

Vault maps used:
D:1:      ncdulo_wetmaze, serial_bayou_pond_d, grunt_decor_arrowhead,
          evilmike_ruin_ashenzari
D:2:      nicolae_overflow_hidden_temple, first_bread, ecumenical_altar_1,
          dk_vineyard_3, minmay_misc_feat_doors
D:3:      nemelex_deck, grunt_temple_overflow_order_and_chaos_1,
          columned_hall_lemuel, nicolae_ru_great_annihilating_truth
D:5:      minmay_temple_entry_poolview, serial_shops, shop,
          grunt_pakellas_basics, uniq_pikel
D:6:      uniq_eustachio
D:7:      nicolae_qazlal_general_emergency, uniq_menkaure
D:8:      corexii_shack_village, elyvilon_altar_4, lemuel_round_altar,
          uniq_maurice
D:9:      serial_shops, shop, shop_statue, shop_statue, basic_altar,
          grunt_ogre_cave
D:10:     hangedman_cross_stitches, grunt_lair_entry_orc_guard_hut, orc_0_dummy
Temple:   dpeg_five_rooms_temple_12
Lair:1:   uniq_erica
Lair:2:   grunt_megastairs_5, lemuel_fruit_fields
Lair:3:   minmay_snake_entry_six_corridors
Lair:4:   serial_bayou_shore_a, serial_bayou_shore_b
Lair:5:   minmay_shoals_entry_beasts, beast_lair_carwin_1, uniq_maud
Lair:6:   slime_altar_1, beast_lair_carwin_3, lemuel_fruit_fields,
          lemuel_fruit_tree
Lair:7:   basic_altar, portal_ice_cave_entry_pillars_01
IceCv:    ice_cave_statue_garden_01

Action                   |  1- 3 |  4- 6 |  7- 9 | 10-12 | 13-15 || total
-------------------------+-------+-------+-------+-------+-------++-------
Melee: War axe           |   107 |   205 |   203 |   420 |       ||   935
       Battleaxe         |       |       |       |    92 |   263 ||   355
Evoke: Wand              |       |       |       |     3 |       ||     3
  Use: Scroll            |       |       |     1 |    22 |     2 ||    25
 Stab: Paralysed         |       |     1 |       |     6 |       ||     7
  Eat: Fruit             |     4 |       |       |       |       ||     4
       Bread ration      |       |     1 |     1 |     2 |     1 ||     5
       Chunk             |       |     1 |     2 |     2 |       ||     5
       Meat ration       |       |       |     1 |     1 |     1 ||     3
